AoeStats
← Lord San

Arabia

510056428Analyzed
1v1 RM · 3d ago on Sep 29, 2026· 42m 58s· 2 players
Game mode
Random Map
Map size
Tiny (2 player)
Population
200
Speed
Normal
Resources
Standard
Victory
Conquest
Starting age
Dark Age
Ending age
Imperial Age
RankedLock teamsTeams togetherTeam positionsShared explorationLock speedFull tech treeHidden civsTurbo modeCheats
Victory
Defeat
🇦🇷 Saracens · Argentina
1500
+16
🇲🇽 Magyars · Mexico
1495
-16
Ux'Double D
5:57 Loom
6:40 Loom
9:30 Feudal Age
10:34 Double-Bit Axe
20:30 Castle Age
19:18 Horse Collar
21:04 Bloodlines
20:50 Light Cavalry
22:23 Scale Barding Armor
24:59 Fletching
27:19 Padded Archer Armor
27:18 Bodkin Arrow
28:39 Ballistics
29:11 Husbandry
29:59 Wheelbarrow
30:42 Pikeman
31:44 Scale Mail Armor
32:36 Heavy Plow
32:48 Bow Saw
34:06 Chain Mail Armor
39:42 Imperial Age
37:28 Hand Cart
39:51 Heavy Cavalry Archer
40:57 Parthian Tactics
40:37 Bracer
41:22 Recurve Bow
Lord San
7:00 Loom
9:18 Feudal Age
9:52 Double-Bit Axe
17:01 Forging
17:40 Wheelbarrow
18:15 Fletching
21:37 Castle Age
21:02 Bloodlines
20:51 Gold Mining
20:42 Horse Collar
22:46 Husbandry
28:21 Town Watch
28:51 Hand Cart
29:03 Scale Barding Armor
31:44 Bow Saw
31:34 Heavy Plow
32:14 Gold Shaft Mining
31:30 Stone Mining
36:43 Imperial Age
35:41 Chain Barding Armor
36:09 Ballistics
36:01 Masonry
37:13 Iron Casting
36:33 Bodkin Arrow
36:39 Padded Archer Armor
37:51 Thumb Ring
37:07 Crossbowman
38:24 Plate Barding Armor
37:38 Heavy Camel Rider
38:28 Arbalester
41:42 Blast Furnace
40:42 Bracer
40:58 Leather Archer Armor
41:21 Conscription
42:59 Hoardings
Connection lost

Rejoining the realm…

Still unreachable

The connection could not be restored.

Session expired

The server has moved on; the page needs a fresh start.